AoeStats
← Iguano Pop

Arabia

508747969Analyzed
1v1 RM · 8d ago on Sep 23, 2026· 44m 32s· 2 players
Game mode
Random Map
Map size
Tiny (2 player)
Population
200
Speed
Normal
Resources
Standard
Victory
Conquest
Starting age
Dark Age
Ending age
Imperial Age
RankedLock teamsTeams togetherTeam positionsShared explorationLock speedFull tech treeHidden civsTurbo modeCheats
Victory
Defeat
🇯🇲 Mongols · Jamaica
1324
+17
🇲🇽 Burgundians · Mexico
1340
-17
Gashara
6:18 Loom
8:22 Feudal Age
9:20 Double-Bit Axe
19:52 Castle Age
17:55 Horse Collar
21:20 Wheelbarrow
21:28 Heavy Plow
22:14 Scale Barding Armor
22:29 Husbandry
23:06 Bloodlines
24:10 Forging
24:44 Chain Barding Armor
25:34 Iron Casting
25:35 Gold Mining
34:45 Fletching
36:19 Elite Skirmisher
38:40 Bodkin Arrow
38:32 Town Watch
39:54 Ballistics
43:30 Light Cavalry
44:43 Padded Archer Armor
Iguano Pop
6:50 Loom
9:31 Feudal Age
10:02 Double-Bit Axe
12:35 Bow Saw
14:10 Town Watch
21:57 Castle Age
20:28 Gold Mining
22:30 Gold Shaft Mining
23:42 Husbandry
24:51 Scale Barding Armor
26:33 Forging
27:44 Chain Barding Armor
29:15 Cavalier
31:32 Fletching
32:55 Forging
34:54 Sanctity
33:57 Pikeman
38:19 Wheelbarrow
38:09 Bodkin Arrow
41:07 Hand Cart
41:54 Iron Casting
44:56 Imperial Age
42:40 Padded Archer Armor
Connection lost

Rejoining the realm…

Still unreachable

The connection could not be restored.

Session expired

The server has moved on; the page needs a fresh start.